 Dungeon Crawl Stone Soup version 0.31-a0-121-g1e386dd (webtiles) character file.

Game seed: 9185259548452563561

15564637 Wizard1ke the Djinni Blade (level 27, 224/224 HPs)
             Began as a Djinni Gladiator on May 31, 2023.
             Was a High Priest of the Shining One.
             Escaped with the Orb
             ... and 15 runes on June 1, 2023!
             The game lasted 05:36:01 (100371 turns).

Wizard1ke the Djinni Blade (Djinni Gladiator)     Turns: 100371, Time: 05:36:02

Health: 224/224    AC: 51    Str: 29    XL:     27
Gold:   9942       EV: 33    Int: 12    God:    the Shining One [*****.] SH: 37 Dex: 39

rFire   + + +        z - +9 eudemon blade (holy)
rCold   + + .        W - +6 tower shield of the Bulwark {Rampage +Blink Int-3 Dex+5}
rNeg    + + +        f - +12 gold dragon scales
rPois   ∞            S - -2 hat of the Alchemist {rElec rPois rF+ rC+ rN+ Will+ rMut rCorr}
rElec   +            Y - +2 cloak {rC+}
rCorr   +            P - +1 pair of gloves {Str+3}
SInv    +            (boots unavailable)
Will    +++..        r - amulet of the Vendetta {Regen+ MP+9 Dex+3} Stlth
                     C - ring of the Tortoise {AC+8}
HPRegen 1.37/turn    t - ring of Dalum {rF- Str+9 Int+3 Dex+6 Stlth+}
MPRegen 0.00/turn

%: resist mutation, rampage
@: flying, glowing, studying Necromancy
A: sickness immunity, fire resistance 2, cold vulnerability 1, float, innate
caster, HP casting, extra vitality 1, antennae 1, see invisible, strong 1,
subdued magic 1
0: Orb of Zot
}: 15/15 runes: decaying, slimy, silver, golden, iron, obsidian, icy, bone,
abyssal, demonic, glowing, magical, fiery, dark, gossamer
a: Renounce Religion, Evoke Blink, Divine Shield, Cleansing Flame, Summon Divine
Warrior


You escaped.
You worshipped the Shining One.
The Shining One was extremely pleased with you.
You visited 18 branches of the dungeon, and saw 85 of its levels.
You visited Pandemonium 2 times, and saw 27 of its levels.
You visited the Abyss 2 times.
You also visited: Ice Cave.

You collected 16023 gold pieces.
You spent 6081 gold pieces at shops.

Inventory:

Hand Weapons
 z - a +9 eudemon blade of holy wrath (weapon)
Missiles
 d - 6 throwing nets
 e - 21 javelins
 i - 18 curare-tipped darts
 q - 14 boomerangs (quivered)
Armour
 f - +12 gold dragon scales (worn)
 P - a +1 pair of gloves of strength (worn)
 S - the -2 hat of the Alchemist (worn) {rElec rPois rF+ rC+ rN+ Will+ rMut rCorr}
   (You bought it in a shop on level 1 of the Elven Halls)

   rF:        It protects you from fire.
   rC:        It protects you from cold.
   rElec:     It insulates you from electricity.
   rPois:     It protects you from poison.
   rN:        It protects you from negative energy.
   rCorr:     It protects you from acid and corrosion.
   rMut:      It protects you from mutation.
   Will:      It increases your willpower.
 W - the +6 tower shield of the Bulwark (worn) {Rampage +Blink Int-3 Dex+5}
   (You took it off Mennas on level 2 of the Vaults)

   Int:       It affects your intelligence (-3).
   Dex:       It affects your dexterity (+5).
   +Blink:    It lets you blink.
   Rampage:   It bestows one free step when moving towards enemies.
 X - the +3 warlock's mirror {omnireflect}
   (You found it on level 5 of the Pits of Slime)

   Omnireflect: It can block and reflect piercing ranged attacks and magical
   attacks against the wielder's willpower.
 Y - a +2 cloak of cold resistance (worn)
Jewellery
 r - the amulet of the Vendetta (around neck) {Regen+ MP+9 Dex+3}
   (You acquired it on level 2 of the Realm of Zot)

   [amulet of regeneration]

   Dex:       It affects your dexterity (+3).
   MP:        It affects your magic capacity (+9).
   Regen:     It increases your rate of health regeneration.
 t - the ring of Dalum (right hand) {rF- Str+9 Int+3 Dex+6 Stlth+}
   (You found it on level 7 of Tartarus)

   [ring of dexterity]

   Str:       It affects your strength (+9).
   Int:       It affects your intelligence (+3).
   Dex:       It affects your dexterity (+6).
   rF:        It makes you vulnerable to fire.
   Stlth:     It makes you more stealthy.
 C - the ring of the Tortoise (left hand) {AC+8}
   (You bought it in a shop on level 2 of the Orcish Mines)

   [ring of protection]

   AC:        It affects your AC (+8).
 L - the ring "Miuth" {rC+ Int-5 Dex+3 SInv}
   (You took it off a vault guard on level 5 of the Vaults)

   [ring of see invisible]

   Int:       It affects your intelligence (-5).
   Dex:       It affects your dexterity (+3).
   rC:        It protects you from cold.
   SInv:      It lets you see invisible.
 T - the ring "Jiomink" {Str+3 Int+6 Stlth+}
   (You found it on level 7 of Cocytus)

   [ring of intelligence]

   Str:       It affects your strength (+3).
   Int:       It affects your intelligence (+6).
   Stlth:     It makes you more stealthy.
 U - a +6 ring of dexterity
 Z - a +6 ring of strength
Wands
 c - a wand of digging (24)
 j - a wand of mindburst (93)
 p - a wand of iceblast (53)
 N - a wand of quicksilver (37)
 V - a wand of charming (82)
Scrolls
 h - 12 scrolls of vulnerability
 k - 5 scrolls of silence {!r}
 n - 11 scrolls of magic mapping
 o - 11 scrolls of poison
 v - 8 scrolls of blinking
 w - 12 scrolls of fog
 y - 9 scrolls of fear
 A - 11 scrolls of immolation
 E - 5 scrolls of butterflies
 H - 13 scrolls of teleportation
Potions
 b - a potion of cancellation
 g - 23 potions of curing
 l - 2 potions of resistance
 m - 3 potions of ambrosia
 x - 2 potions of brilliance
 B - 2 potions of mutation
 F - 9 potions of might
 G - a potion of heal wounds
 I - 12 potions of attraction
 J - 9 potions of enlightenment
 K - 8 potions of lignification
 M - a potion of haste
 O - 5 potions of berserk rage {!q}
Miscellaneous
 a - a box of beasts
 s - a phial of floods
 u - a tin of tremorstones (2/2)
 D - a figurine of a ziggurat
 Q - a lightning rod (4/4)
 R - a phantom mirror


   Skills:
 - Level 26.0 Fighting
 - Level 26.5 Long Blades
 - Level 12.5 Throwing
 - Level 26.0 Armour
 + Level 24.3 Dodging
 - Level 26.0 Shields
 - Level 4.0 Spellcasting
 - Level 4.0 Conjurations
 - Level 4.0 Hexes
 - Level 4.0 Summonings
 - Level 4.0 Necromancy
 - Level 4.0 Translocations
 - Level 4.0 Transmutations
 - Level 4.0 Fire Magic
 - Level 4.0 Ice Magic
 - Level 4.0 Air Magic
 - Level 4.0 Earth Magic
 - Level 4.0 Poison Magic
 - Level 26.0 Invocations
 - Level 6.0 Evocations


You knew the following spells:

 Your Spells              Type           Power      Damage    Failure   Level
a - Apportation           Tloc           18%        N/A       22%         1
b - Momentum Strike       Conj/Tloc      18%        3d8       34%         2
c - Swiftness             Air            9%         N/A       58%         3
d - Summon Ice Beast      Ice/Summ       9%         N/A       94%         4
e - Leda's Liquefaction   Hex/Erth       4%         N/A       94%         4
f - Fireball              Conj/Fire      4%         3d4       100%        5
g - Statue Form           Tmut/Erth      6%         N/A       100%        6
h - Plasma Beam           Fire/Air       4%         2x1d16    100%        6
i - Haunt                 Necr/Summ      4%         N/A       100%        7
j - Borgnjor's Revivific  Necr           4%         N/A       100%        8
k - Summon Hydra          Summ           4%         N/A       100%        7
l - Discord               Hex            4%         N/A       100%        8
m - Shatter               Erth           4%         3d8*      100%        9
Your spell library was empty.


Dungeon Overview and Level Annotations

Branches:
Dungeon (15/15)            Temple (1/1) D:7            Lair (5/5) D:8
  Swamp (4/4) Lair:2       Spider (4/4) Lair:2        Slime (5/5) Lair:5
    Orc (2/2) D:11            Elf (3/3) Orc:2        Vaults (5/5) D:13
  Crypt (3/3) Vaults:3       Tomb (3/3) Crypt:3      Depths (4/4) D:15
   Hell (visited)             Dis (7/7) Hell            Geh (7/7) Hell
    Coc (7/7) Hell            Tar (7/7) Hell            Zot (5/5) Depths:4
  IceCv (visited)

Altars:
Ashenzari
Cheibriados
Dithmenos
Elyvilon
Fedhas
Gozag
Hepliaklqana
Makhleb
Nemelex Xobeh
Okawaru
Qazlal
Ru
Trog
Uskayaw
Wu Jian
Xom
Yredelemnul
Zin
The Shining One
Jiyva

Shops:
D:5 (*=?[   D:6 !   D:8 ?   Orc:1 :   Orc:2 =(*[   Elf:1 ::=[   Elf:2 :
Elf:3 ?   Vaults:4 =   Depths:3 :

Portals:
Hell: Depths:1 Depths:2 Depths:3 Depths:4
Abyss: Depths:1 Depths:3
Pandemonium: Depths:1 Depths:2 Depths:3
Ziggurat: Depths:4
Trove: D:10 (show slimy rune of Zot)

Annotations:
Lair:1 Gastronok
Depths:4 exclusions: dread lich, lich and 2 more exclusions
Tar:7 exclusion: 2 doors
Zot:1 1 transporter


Innate Abilities, Weirdness & Mutations

You are immune to sickness and miasma.
You are immune to poison.
Your flesh is very heat resistant. (rF++)
You are vulnerable to cold. (rC-)
You float through the air rather than walking.
You learn spells naturally, not from books.
Your magical power is your life essence.
You have superior vitality. (+4 MHP)
You have a pair of small antennae on your head.
You have supernaturally acute eyesight. (SInv)
Your muscles are strong. (Str +4, Int/Dex -1)
Your spells are a little easier to cast, but a little less powerful.


Message History

The golden eye blinks at you. You resist with almost no effort.
You fly upwards.
There is a stone staircase leading down here.
You slash the golden eye!
The golden eye is almost dead.
You completely miss the golden eye.
The golden eye is almost dead.
The golden eye blinks at you. You resist with almost no effort.
You slice the golden eye!!
You kill the golden eye!
(D) Dungeon (T) Temple (L) Lair (S) Swamp (N) Spider Nest (M) Slime Pits (O) Orcish Mines (E) Elven Halls (V) Vaults (C) Crypt (W) Tomb (U) Depths (H) Hell (I) Dis (G) Gehenna (X) Cocytus (Y) Tartarus (Z) Zot
Where to? (Enter - D:1 @ (x,y), ? - help)
Items here: )) [ ÷.
There is a stone staircase leading up here.
You fly upwards.
There is a stone staircase leading down here.
A red devil comes into view. It is wielding a +0 trident.
The red devil moves out of view.
There is a stone staircase leading up here.
You fly upwards.
There is a stone staircase leading down here.
(D) Dungeon (T) Temple (L) Lair (S) Swamp (N) Spider Nest (M) Slime Pits (O) Orcish Mines (E) Elven Halls (V) Vaults (C) Crypt (W) Tomb (U) Depths (H) Hell (I) Dis (G) Gehenna (X) Cocytus (Y) Tartarus (Z) Zot
Where to? (Enter - D:1 @ (x,y), ? - help)
There is a stone staircase leading up here.
You fly upwards.
There is a stone staircase leading down here.
There is an open door here.
There is an open door here.
There is a staircase leading out of the dungeon here.
You have escaped!

##.##.#########..#....##..# #...
##.##.....#......#.#####..# #...
##.##..##.#.#≈...#.#####..# #...
.......#....~≈...#........# #...
#####.##.....≈..##........## #...
...........~.≈...#.........# #...
#...###......≈.#######..##.###...
###...#..##..≈##....'...##...)...
###.#......≈##@...#..###..##...
#####.#.#####.#######..+.#..##...
.........## #.######..##'#..##...
..........###.##..##..'..#..##...
########......##..##..#..#..##...
##.....#.###..##..'...#..#..##...
.#####.#....)..####..##..#..#####
.# #†#####.#####..######.......
.#####.#####.........######.####.


There were no monsters in sight!

Vanquished Creatures
  Cerebov (Pan)
  the Royal Jelly (Slime:5)
  Dissolution (Slime:2)
  the Serpent of Hell (Coc:7)
  Lom Lobon (Pan)
  Mnoleg (Pan)
  Dispater (Dis:7)
  7 orbs of fire
  6 dread liches
  2 ancient liches
  2 juggernauts (Dis:7)
  15 royal mummies
  15 shard shrikes
  Bai Suzhen (Elf:3)
  4 Killer Klowns (Zot:5)
  Margery (Vaults:2)
  4 pandemonium lords (Pan)
  A curse toe (Zot:4)
  7 caustic shrikes (Dis:7)
  The ghost of Qugrax the Ninja, a veteran KoMo of Dithmenos (Depths:2)
  Geryon (Hell)
  Nikola (Vaults:2)
  12 golden dragons
  5 profane servitors
  Arachne (Spider:3)
  A shard shrike zombie (Crypt:3)
  5 electric golems
  6 bone dragons
  The ghost of curvature the Wrestler, an adept TrFi of Wu Jian (Vaults:4)
  3 iron giants (Dis:7)
  7 doom hounds
  14 Tzitzimimeh
  24 Brimstone Fiends
  14 Hell Sentinels
  17 tentacled monstrosities
  14 Ice Fiends
  A walking crystal tome (Depths:3)
  26 Orb Guardians (Zot:5)
  5 tainted leviathans
  2 deep elf blademasters (Elf:3)
  A shard shrike skeleton (Crypt:3)
  8 hellephants
  17 titans
  7 quicksilver dragons
  2 walking earthen tomes
  The ghost of Diff the Eclecticist, an adept DjEE of Makhleb (D:14)
  13 liches
  A walking frostbound tome (Depths:2)
  15 searing wretches
  19 acid blobs
  2 deep elf master archers (Elf:3)
  22 Executioners (Pan)
  3 thorn hunters
  15 sphinxes
  5 tentacled starspawn (Abyss:3)
  6 death cobs
  39 ancient champions
  2 tengu reavers
  8 shadow dragons
  Agnes (Elf:2)
  19 storm dragons
  9 azure jellies
  4 rockslimes (Slime:5)
  17 fire giants
  5 demonspawn warmongers (Pan)
  A fenstrider witch (shapeshifter) (Vaults:5)
  A fenstrider witch (Swamp:4)
  6 revenants
  7 draconian monks
  3 daevas (Pan)
  12 quicksilver elementals
  6 iron dragons
  8 narguns
  5 deep elf sorcerers
  6 draconian knights
  33 balrugs
  3 emperor scorpions
  3 curse skulls
  20 vault wardens
  13 frost giants
  9 angels (Pan)
  Louise (Swamp:1)
  22 cacodemons
  13 ghost moths
  6 draconian shifters
  5 demonspawn corrupters (Pan)
  3 draconian stormcallers
  A caustic shrike zombie (Crypt:3)
  8 draconian scorchers
  8 shard shrike simulacra
  3 deep elf elementalists
  A spectral caustic shrike (Tar:6)
  A broodmother (Spider:3)
  8 quicksilver oozes
  2 caustic shrike skeletons
  A spriggan defender (Depths:2)
  4 ophanim (Pan)
  7 formless jellyfish
  8 reapers
  8 ghouls
  23 ironbound preservers
  32 very ugly things
  A quicksilver ooze (shapeshifter) (Vaults:5)
  10 draconian annihilators
  5 demonspawn blood saints (Pan)
  25 war gargoyles
  19 stone giants
  7 ironbound thunderhulks
  22 elemental wellsprings
  3 apis (Pan)
  6 deep elf demonologists
  16 green draconians
  Azrael (Spider:2)
  7 vampire knights
  14 bennus
  9 wendigos
  8 lorocyprocas
  11 demonspawn black suns
  5 eleionomae
  12 deep elf annihilators
  11 red draconians
  3 putrid mouths
  13 yellow draconians
  4 bunyips
  15 purple draconians
  13 black draconians
  6 spark wasps
  4 dire elephants
  24 white draconians
  4 eidola
  10 iron golems
  10 ettins
  7 green deaths
  An ettin (shapeshifter) (Depths:2)
  21 mummy priests
  7 deep elf death magi
  The ghost of Tiusch the Fighter, a journeyman NaCj of Okawaru (Lair:2)
  Snorg (D:12)
  15 blizzard demons
  12 great orbs of eyes
  2 shambling mangroves
  12 jiangshi
  4 deep elf high priests
  2 crystal guardians
  7 fire dragons
  12 yaktaur captains
  Josephine (D:13)
  7 entropy weavers
  3 peacekeepers
  11 ice dragons
  7 rakshasas
  11 salamander tyrants
  14 caustic shrike simulacra
  11 hell beasts
  A spriggan skeleton (Crypt:1)
  20 hydras
  29 vault guards
  3 jorogumos
  10 ironbound frosthearts
  A death knight (Crypt:1)
  A fenstrider witch skeleton (Pan)
  9 centaur warriors
  10 two-headed ogres
  An ogre mage (D:13)
  A catoblepas (D:14)
  20 stokers
  3 radroaches
  7 boulder beetles
  2 juggernaut simulacra
  3 deep troll shamans
  12 alligators
  39 dancing weapons
  3 tengu warriors
  53 hell hogs
  The ghost of busb the Fighter, a novice OgWn of Okawaru (D:7)
  29 death scarabs
  3 spriggan berserkers
  A thrashing horror (Abyss:3)
  9 deep troll earth magi
  6 holy swine (Pan)
  46 large abominations
  A spectral dire elephant (Tar:3)
  10 vampire magi
  10 crystal echidnas
  41 soul eaters
  Amaemon (D:11)
  22 deep elf knights
  A titan skeleton (Crypt:3)
  3 skysharks
  69 sun demons
  9 hell knights
  43 skeletal warriors
  4 wretched stars
  70 deep trolls
  A golden dragon zombie (Depths:1)
  8 iron trolls
  A spriggan druid (Swamp:2)
  15 shadow wraiths
  2 sun moths
  7 goliath frogs
  5 pharaoh ants
  2 anaconda zombies
  A glowing orange brain (shapeshifter) (Vaults:3)
  A shadow dragon zombie (Depths:1)
  7 wizards
  23 sixfirhies
  8 cherubim
  11 swamp dragons
  16 phantasmal warriors
  3 flayed ghosts
  8 orange crystal statues
  2 spriggan simulacra (Coc:3)
  A spectral hydra (Tar:3)
  11 deep elf archers
  8 shadow demons
  4 steelbarb worms
  7 glowing orange brains
  8 bog bodies
  A wolf spider zombie (Crypt:1)
  21 starcursed masses (Abyss:3)
  12 orb spiders
  10 necromancers
  8 lindwurms
  4 harpies (Vaults:1)
  An anaconda skeleton (Hell)
  23 ironbound convokers
  22 ugly things
  22 deep elf zephyrmancers
  A fenstrider witch simulacrum (Coc:1)
  9 spectral spriggans (Swamp:3)
  An oklob plant (Lair:4)
  29 wolf spiders
  A manticore (shapeshifter) (Vaults:5)
  32 deep elf pyromancers
  8 will-o-the-wisps
  9 cyclopes
  An elephant (shapeshifter) (Vaults:5)
  A cyclops (shapeshifter) (Depths:2)
  31 moths of wrath
  A sphinx skeleton (Crypt:2)
  4 shining eyes
  2 tengu skeletons
  A salamander (shapeshifter) (Vaults:5)
  7 manticores
  2 orc sorcerers
  A faun (shapeshifter) (Elf:1)
  2 frost giant skeletons
  An iron dragon skeleton (Hell)
  7 fire giant skeletons (Crypt:3)
  A stone giant skeleton (Crypt:3)
  3 black mambas
  An eye of devastation (Slime:5)
  A toenail golem (Zot:1)
  An alligator snapping turtle zombie (Crypt:3)
  49 smoke demons
  2 dire elephant zombies
  3 elephants (Lair:5)
  8 molten gargoyles
  2 water nymphs (Swamp:3)
  An elephant slug zombie (Crypt:1)
  17 cane toads
  An apocalypse crab (Abyss:3)
  2 torpor snails
  11 vault sentinels
  9 gargoyles
  4 rust devils
  2 dire elephant skeletons
  7 rime drakes
  6 storm dragon simulacra (IceCv)
  13 demonic crawlers
  An emperor scorpion simulacrum (Coc:1)
  2 unseen horrors (Pan)
  19 hellions
  2 centaur zombies
  3 human zombies (Vaults:3)
  11 komodo dragons
  25 orange demons
  2 tengu conjurers (Depths:4)
  20 yaktaurs
  4 anaconda simulacra
  6 efreet
  An alligator snapping turtle skeleton (Crypt:1)
  A bunyip simulacrum (Coc:2)
  4 golden dragon simulacra (IceCv)
  5 ice devils
  23 tormentors
  10 freezing wraiths
  43 guardian mummies
  3 ancient zymes
  An iron giant simulacrum (Coc:4)
  A minotaur skeleton (Crypt:2)
  7 red devils
  34 hellwings
  2 sea snake skeletons
  2 hydra zombies
  5 trolls
  2 harpy zombies
  A shadow dragon simulacrum (Coc:1)
  A tyrant leech (shapeshifter) (Vaults:4)
  13 tyrant leeches
  A raiju (Abyss:3)
  4 polar bears
  25 tarantellas
  15 hornets
  2 spriggan zombies
  4 stone giant simulacra
  A dream sheep (shapeshifter) (Vaults:5)
  2 harpy skeletons
  16 blink frogs
  An ice dragon zombie (Tomb:2)
  4 dream sheep (Lair:5)
  2 hydra skeletons (Hell)
  3 iron dragon simulacra
  18 culicivoras
  An alligator zombie (Hell)
  87 slime creatures
  34 jumping spiders
  6 shadows
  An alligator skeleton (Hell)
  A spriggan (shapeshifter) (Elf:3)
  2 air elementals
  33 flying skulls
  18 spriggans
  18 wraiths
  3 water elementals
  3 wyverns
  2 ettin skeletons
  8 vampires
  21 ynoxinuls
  5 basilisks
  10 fire dragon skeletons
  5 dire elephant simulacra
  A black mamba skeleton (Crypt:1)
  50 yaks
  6 fire elementals
  28 neqoxecs
  13 ushabtiu
  17 chaos spawn
  13 golden eyes
  A naga zombie (Crypt:3)
  45 redbacks
  Edmund (D:6)
  Grum (D:9)
  A redback simulacrum (D:14)
  5 steam dragons
  A sea snake simulacrum (Hell)
  30 vampire mosquitoes
  20 harpy simulacra
  13 swamp worms
  2 hell hounds
  A hydra simulacrum (Coc:7)
  3 acid dragons
  A warg (D:11)
  A floating eye (Depths:1)
  23 water moccasins
  8 swamp drakes (Swamp:4)
  17 orc warriors
  2 black bears (D:5)
  A merfolk simulacrum (Coc:1)
  7 ice dragon simulacra (IceCv)
  A sky beast (D:5)
  A snapping turtle zombie (Crypt:2)
  3 ice beasts
  18 wolves
  An ettin simulacrum (Coc:6)
  6 ogres
  A wolf (shapeshifter) (Vaults:5)
  A swamp dragon zombie (Hell)
  4 centaurs
  5 kobold brigands
  2 phantoms
  18 bullfrogs
  A necrophage (Crypt:1)
  3 earth elementals
  2 gnoll sergeants
  16 small abominations
  5 scorpions
  A naga simulacrum (Coc:7)
  A draconian skeleton (Crypt:2)
  A water moccasin zombie (Crypt:2)
  3 wights (D:10)
  9 killer bees
  4 lindwurm simulacra (IceCv)
  7 howler monkeys
  2 electric eels
  3 quasits (Abyss:3)
  A wolf skeleton (Crypt:1)
  2 hounds
  11 orc priests
  3 jellies
  2 iguanas (D:5)
  2 iron imps (Abyss:3)
  2 sleepcaps
  16 orc wizards
  A deep dwarf zombie (Crypt:2)
  An acid dragon skeleton (Crypt:1)
  4 naga skeletons
  45 mummies
  8 gnolls
  A howler monkey skeleton (Crypt:1)
  8 adders
  2 shadow imps
  4 white imps
  7 ufetubi
  A dart slug (D:3)
  61 orcs
  3 bats
  11 endoplasms
  4 giant cockroaches
  7 goblins
  12 hobgoblins
  2 jackals (D:4)
  32 kobolds
  2 quokkas
  5 ball pythons
  A dart slug zombie (Crypt:2)
  A frilled lizard (D:2)
  A gnoll skeleton (Crypt:1)
  9 rats
  A river rat skeleton (Crypt:2)
  A ball lightning (Pan)
  2 creeping infernos
  38 fire vortices
  A lurking horror (Abyss:3)
  A spectral weapon (Vaults:2)
  4 starspawn tentacles (Abyss:3)
3789 creatures vanquished.

Vanquished Creatures (collateral kills)
  Antaeus (Coc:7)
  Asmodeus (Geh:7)
  Ereshkigal (Tar:7)
  Gloorx Vloq (Pan)
  Mennas (Vaults:2)
  A shard shrike (Coc:7)
  A bone dragon (Tar:7)
  2 Tzitzimimeh (Tar:7)
  An iron giant (Dis:7)
  A tentacled monstrosity (Vaults:5)
  Zenata (Vaults:1)
  A tainted leviathan (Tar:7)
  Jorgrun (Orc:2)
  A searing wretch (Geh:7)
  Asterion (Vaults:2)
  2 titans
  2 Executioners (Pan)
  A sphinx (Vaults:2)
  2 storm dragons
  A daeva (Pan)
  A nargun (Coc:7)
  A draconian knight (Depths:4)
  A vault warden (Vaults:2)
  2 shard shrike simulacra (Coc:7)
  An ironbound preserver (Vaults:2)
  A curse skull (Pan)
  4 angels (Pan)
  A stone giant (Vaults:5)
  An apis (Pan)
  A yellow draconian (Depths:4)
  A purple draconian (Depths:4)
  A crystal guardian (Vaults:2)
  An ettin (Orc:2)
  2 yaktaur captains (Vaults:5)
  Fannar (D:11)
  2 vault guards (Vaults:5)
  A peacekeeper (Vaults:2)
  A caustic shrike simulacrum (Coc:7)
  2 ice dragons
  4 centaur warriors (Vaults:2)
  5 soul eaters (Pan)
  A cherub (Pan)
  2 cyclopes (Orc:2)
  A moth of wrath (Zot:1)
  A molten gargoyle (Geh:7)
  A titan simulacrum (Coc:7)
  A hellion (Geh:7)
  2 yaktaurs (Vaults:5)
  A troll (Orc:2)
  A howler monkey (D:11)
  3 orc priests (Orc:2)
  2 orc wizards (Orc:2)
  2 orcs (Orc:2)
77 creatures vanquished.

Vanquished Creatures (others)
  A demonspawn blood saint (Pan)
  A rakshasa (Pan)
  A juggernaut simulacrum (Coc:3)
  A caustic shrike simulacrum (Coc:7)
  A stoker (Geh:6)
  A sixfirhy (Abyss:3)
  An orb spider (Spider:4)
  A spriggan simulacrum (Coc:1)
  A quicksilver dragon simulacrum (Coc:3)
  A deep elf pyromancer (Elf:1)
  2 deep elf zephyrmancers
  A wolf spider (Spider:3)
  A hellion (Coc:3)
  A rime drake (Lair:5)
  2 tormentors
  4 bloated husks
  A hellwing (Pan)
  A small abomination (Abyss:3)
  A stone giant simulacrum (Coc:3)
  2 ynoxinuls
  2 air elementals
  2 jumping spiders
  2 chaos spawn (Pan)
  4 harpy simulacra
  An ettin simulacrum (Coc:1)
  An orc wizard (D:3)
  An orc (D:8)
  5 ball lightnings (Pan)
  5 creeping infernos
  36 foxfires
  16 starspawn tentacles (Abyss:3)
101 creatures vanquished.

Grand Total: 3967 creatures vanquished

Notes
Turn   | Place    | Note
-------+----------+-------------------------------------------
     0 | D:1      | Wizard1ke the Djinni Gladiator began the quest for the Orb.
     0 | D:1      | Reached XP level 1. HP: 18/18 MP: 0/0
    85 | D:1      | Reached XP level 2. HP: 21/23 MP: 0/0
   549 | D:1      | Reached XP level 3. HP: 29/29 MP: 0/0
   549 | D:1      | Learned a level 1 spell: Apportation
  1746 | D:3      | Reached XP level 4. HP: 34/34 MP: 0/0
  1961 | D:3      | Reached XP level 5. HP: 28/40 MP: 0/0
  1961 | D:3      | Learned a level 2 spell: Momentum Strike
  2562 | D:4      | Found a glowing golden altar of the Shining One.
  2607 | D:4      | Became a worshipper of the Shining One
  2674 | D:4      | Noticed an ogre
  2682 | D:4      | Noticed a water moccasin
  2746 | D:3      | Reached XP level 6. HP: 24/47 MP: 0/0
  3242 | D:4      | Killed a water moccasin
  3243 | D:4      | Reached XP level 7. HP: 33/53 MP: 0/0
  3243 | D:4      | Learned a level 3 spell: Swiftness
  3330 | D:4      | Identified the +10 plate armour of Birdsong {Will+ Int+3
                  | Slay+2}
  3719 | D:5      | Entered Level 5 of the Dungeon
  3805 | D:5      | Identified the +10 quarterstaff of Eream {venom, rCorr
                  | Dex+2}
  3813 | D:5      | Found Nudaoph's Antique Weapon Shoppe.
  3814 | D:5      | Noticed a steam dragon
  3821 | D:5      | Killed a steam dragon
  3822 | D:5      | Reached skill level 5 in Long Blades
  3822 | D:5      | Reached skill level 1 in Armour
  3835 | D:5      | Found an iron altar of Okawaru.
  3841 | D:5      | Found a shimmering altar of Xom.
  3848 | D:5      | Reached skill level 5 in Fighting
  3848 | D:5      | Reached XP level 8. HP: 34/59 MP: 0/0
  3936 | D:5      | Identified the +6 falchion "Katit" {antimagic, *Rage rN+
                  | Dex+5 Stlth+}
  3947 | D:5      | Found Oboj's Assorted Antiques.
  3969 | D:5      | Found Cynnep's Magic Scroll Boutique.
  3972 | D:5      | Bought an orange potion for 21 gold pieces
  3972 | D:5      | Bought a scroll labelled AHEOS PANISE for 24 gold pieces
  3972 | D:5      | Bought a dark potion for 21 gold pieces
  3972 | D:5      | Bought a scroll labelled DESAORH IMNA for 24 gold pieces
  3972 | D:5      | Bought a scroll labelled DESAORH IMNA for 24 gold pieces
  4039 | D:5      | Found Xouxe's Armour Boutique.
  4106 | D:5      | Reached skill level 1 in Evocations
  4407 | D:5      | Found Jefaola's Jewellery Boutique.
  4421 | D:5      | Found a snail-covered altar of Cheibriados.
  4421 | D:5      | Found a blossoming altar of Fedhas.
  4481 | D:5      | Reached skill level 5 in Throwing
  4481 | D:5      | Reached XP level 9. HP: 66/66 MP: 0/0
  4481 | D:5      | Learned a level 4 spell: Summon Ice Beast
  4621 | D:6      | Reached * piety under the Shining One
  4652 | D:6      | Noticed Edmund
  4978 | D:6      | Found Feahodgh's Distillery.
  4983 | D:6      | Bought a potion of curing for 36 gold pieces
  4983 | D:6      | Bought a potion of lignification for 36 gold pieces
  4988 | D:6      | Found a hide-covered altar of Uskayaw.
  5060 | D:6      | Killed Edmund
  5393 | D:6      | Reached skill level 1 in Invocations
  5492 | D:7      | Found a runed translucent gate.
  5566 | D:7      | Found a runed translucent gate.
  5566 | D:7      | Found a runed translucent gate.
  5568 | D:7      | Found an opulent altar of Gozag.
  5577 | D:7      | Noticed busb's ghost (novice OgWn)
  5578 | D:7      | Noticed a white ugly thing
  5579 | D:7      | Noticed a boulder beetle
  5603 | D:7      | Found a staircase to the Ecumenical Temple.
  5621 | D:7      | Reached XP level 10. HP: 71/76 MP: 0/0
  5626 | Temple   | Entered the Ecumenical Temple
  5685 | D:7      | Found a sparkling altar of Nemelex Xobeh.
  5791 | D:7      | Noticed a manticore
  5807 | D:7      | Killed a manticore
  6634 | D:8      | Reached ** piety under the Shining One
  6793 | D:8      | Found a staircase to the Lair.
  6794 | D:8      | Noticed a komodo dragon
  6810 | D:8      | Killed a komodo dragon
  6811 | D:8      | Reached skill level 5 in Invocations
  6886 | D:8      | Found Rytyt Koo's Magic Scroll Boutique.
  6894 | D:8      | Bought a scroll of blinking for 105 gold pieces
  6948 | D:8      | Noticed a two-headed ogre
  6956 | D:8      | Killed a two-headed ogre
  6957 | D:8      | Reached XP level 11. HP: 85/85 MP: 0/0
  6957 | D:8      | Learned a level 4 spell: Leda's Liquefaction
  7033 | D:8      | Noticed a two-headed ogre
  7040 | D:8      | Killed a two-headed ogre
  7041 | D:8      | Reached skill level 10 in Fighting
  7172 | D:8      | Found a hazy altar of Hepliaklqana.
  7383 | D:9      | Noticed Grum
  7502 | D:9      | Killed Grum
  7727 | D:9      | Reached skill level 10 in Long Blades
  7848 | D:9      | Found a shadowy altar of Dithmenos.
  7895 | D:9      | Reached skill level 1 in Shields
  8226 | D:10     | Entered Level 10 of the Dungeon
  8548 | D:10     | Reached *** piety under the Shining One
  8748 | D:10     | Found an ornate altar of the Wu Jian Council.
  9036 | D:10     | Found a portal to a secret trove of treasure.
  9362 | D:5      | Bought a scimitar for 76 gold pieces
  9465 | Lair:1   | Entered Level 1 of the Lair of Beasts
  9512 | Lair:1   | Reached XP level 12. HP: 89/94 MP: 0/0
  9573 | Lair:1   | Noticed a seven-headed hydra
 10007 | Lair:1   | Reached skill level 5 in Shields
 10116 | Lair:1   | Identified the +1 robe of Fashionability {Rampage Will-
                  | Str+3 Archmagi}
 10158 | Lair:1   | Noticed Gastronok
 10570 | Lair:1   | Killed a seven-headed hydra
 10938 | Lair:2   | Found a transporter.
 11222 | Lair:2   | Found a transporter.
 11307 | Lair:2   | Noticed a spriggan rider
 11318 | Lair:2   | Reached **** piety under the Shining One
 11324 | Lair:2   | Reached XP level 13. HP: 93/103 MP: 0/0
 11324 | Lair:2   | Learned a level 5 spell: Fireball
 11354 | Lair:2   | Found a bloodstained altar of Trog.
 11354 | Lair:2   | Noticed Tiusch's ghost (journeyman NaCj)
 11509 | Lair:2   | Found a hole to the Spider Nest.
 11636 | Lair:2   | Found a staircase to the Swamp.
 12476 | Lair:3   | Noticed a four-headed hydra
 12491 | Lair:3   | Killed a four-headed hydra
 13788 | Lair:4   | Identified the +1 leather armour of Inquiry {-Cast Regen+
                  | SInv}
 14715 | Lair:4   | Identified the +1 ring mail of Vaan {rPois Str+4 Slay-2}
 14748 | Lair:5   | Entered Level 5 of the Lair of Beasts
 15020 | Lair:4   | Reached XP level 14. HP: 109/112 MP: 0/0
 15292 | Lair:4   | Reached ***** piety under the Shining One
 15657 | Lair:5   | Reached skill level 15 in Fighting
 16836 | Lair:5   | Found a viscous altar of Jiyva.
 16836 | Lair:5   | Found a staircase to the Slime Pits.
 16923 | Lair:5   | Identified the +9 morningstar "Dragon's Tongue" {elec,
                  | Str+5}
 17125 | D:5      | Bought a scroll of blinking for 90 gold pieces
 17125 | D:5      | Bought a scroll of butterflies for 48 gold pieces
 17125 | D:5      | Bought a scroll of immolation for 48 gold pieces
 17125 | D:5      | Bought a scroll of magic mapping for 90 gold pieces
 17159 | D:5      | Bought a +6 ring of dexterity for 360 gold pieces
 17681 | D:11     | Noticed Fannar
 17691 | D:11     | Killed Fannar
 17976 | D:11     | Noticed Amaemon
 18001 | D:11     | Killed Amaemon
 18107 | D:11     | Found a staircase to the Orcish Mines.
 18325 | D:12     | Noticed Snorg
 18347 | D:12     | Killed Snorg
 18820 | D:12     | Reached XP level 15. HP: 75/120 MP: 0/0
 18820 | D:12     | Learned a level 6 spell: Statue Form
 19743 | D:13     | Noticed Josephine
 19752 | D:13     | Killed Josephine
 19888 | D:13     | You are sucked into a shaft and drop 1 floor!
 20160 | D:14     | Reached skill level 10 in Shields
 20160 | D:14     | Reached skill level 10 in Invocations
 21042 | D:13     | Found a gate to the Vaults.
 21207 | Orc:1    | Entered Level 1 of the Orcish Mines
 21455 | Orc:2    | Entered Level 2 of the Orcish Mines
 21455 | Orc:2    | Noticed a stone giant
 21455 | Orc:2    | Found a staircase to the Elven Halls.
 21455 | Orc:2    | Found Ohoqaot's Jewellery Shoppe.
 21471 | Orc:1    | Killed a stone giant
 22120 | Orc:2    | Noticed Jorgrun
 22168 | Orc:2    | Bought a ring of protection from cold for 325 gold pieces
 22274 | D:14     | Found a transporter.
 22274 | D:14     | Noticed Diff's ghost (adept DjEE)
 22706 | D:14     | Found a transporter.
 23262 | D:15     | Entered Level 15 of the Dungeon
 23702 | D:15     | Found a staircase to the Depths.
 23702 | D:15     | Noticed a stone giant
 23790 | D:15     | Reached XP level 16. HP: 116/126 MP: 0/0
 24469 | Orc:2    | Killed Jorgrun
 24514 | Orc:2    | Found Tijir's Antique Armour Emporium.
 24649 | Orc:2    | Found Orit Apn's General Store.
 24745 | Orc:2    | Reached skill level 15 in Long Blades
 24863 | Orc:2    | Found Caoggot's Antique Weapon Emporium.
 25064 | Orc:2    | Bought an embroidered scarf for 248 gold pieces
 25166 | Orc:1    | Found Taog's Book Shop.
 25535 | Swamp:1  | Entered Level 1 of the Swamp
 25941 | Spider:1 | Entered Level 1 of the Spider Nest
 29179 | Spider:3 | Reached XP level 17. HP: 84/131 MP: 0/0
 29179 | Spider:3 | Learned a level 6 spell: Plasma Beam
 29678 | Spider:3 | Noticed Azrael
 29705 | Spider:2 | Killed Azrael
 30752 | Spider:4 | Entered Level 4 of the Spider Nest
 32356 | Spider:3 | Reached skill level 15 in Shields
 33005 | Spider:4 | Was placed under penance by the Shining One
 33086 | Spider:3 | Reached skill level 15 in Invocations
 33414 | Spider:4 | Noticed Arachne
 33993 | D:6      | Bought a potion of curing for 36 gold pieces
 33993 | D:6      | Bought a potion of curing for 36 gold pieces
 33993 | D:6      | Bought a potion of cancellation for 96 gold pieces
 33993 | D:6      | Bought a potion of heal wounds for 60 gold pieces
 33993 | D:6      | Bought a potion of heal wounds for 60 gold pieces
 33993 | D:6      | Bought a potion of heal wounds for 60 gold pieces
 34185 | Spider:4 | Was forgiven by the Shining One
 34480 | Spider:3 | Killed Arachne
 34630 | Spider:4 | Reached XP level 18. HP: 94/139 MP: 0/0
 35185 | Spider:4 | Got a gossamer rune of Zot
 35217 | Spider:4 | Identified the scarf of Valour {repulsion, rN+++ Str+4
                  | Int-3 Dex-2}
 35504 | Swamp:1  | Noticed Louise
 36013 | Swamp:1  | Reached XP level 19. HP: 148/148 MP: 0/0
 36013 | Swamp:1  | Learned a level 7 spell: Haunt
 36166 | Swamp:1  | Killed Louise
 39522 | Swamp:3  | Reached skill level 5 in Armour
 39993 | Swamp:4  | Entered Level 4 of the Swamp
 40025 | Swamp:4  | Found a frozen archway.
 40036 | Swamp:4  | Reached XP level 20. HP: 128/155 MP: 0/0
 40085 | IceCv    | Entered an ice cave
 40861 | IceCv    | Identified the ring of Terikob {Fire rElec Will+ Slay+2}
 40901 | IceCv    | Identified the ring of the Saviour {rPois rF+ Slay+3}
 41740 | Swamp:4  | Noticed a tentacled monstrosity
 41757 | Swamp:4  | Killed a tentacled monstrosity
 42400 | Swamp:4  | Got a decaying rune of Zot
 42708 | Vaults:1 | Entered Level 1 of the Vaults
 44273 | Vaults:1 | Noticed Zenata
 44307 | Vaults:1 | Killed Zenata
 44772 | Vaults:1 | Reached skill level 10 in Armour
 44928 | Vaults:1 | Found the +8 arc blade {discharge, rElec}
 45200 | Vaults:2 | Reached XP level 21. HP: 133/160 MP: 0/0
 45200 | Vaults:2 | Learned a level 8 spell: Borgnjor's Revivification
 45310 | Vaults:2 | Noticed Nikola
 45346 | Vaults:2 | Killed Nikola
 45885 | Vaults:2 | Identified the +6 tower shield of the Bulwark {Rampage
                  | +Blink Int-3 Dex+5}
 45885 | Vaults:2 | Noticed Mennas
 45896 | Vaults:2 | Killed Mennas
 45977 | Vaults:2 | Noticed Asterion
 45993 | Vaults:2 | Killed Asterion
 46681 | Vaults:2 | You are sucked into a shaft and drop 2 floors!
 47745 | Vaults:3 | Identified the +0 robe of the Sacrificial Victim {rN+ Int+3
                  | Dex-4}
 47809 | Vaults:3 | Reached XP level 22. HP: 150/166 MP: 0/0
 47992 | Vaults:3 | Found a staircase to the Crypt.
 48361 | Vaults:2 | Noticed Margery
 48605 | Vaults:2 | Killed Margery
 49848 | Crypt:1  | Entered Level 1 of the Crypt
 49981 | Crypt:1  | Reached ****** piety under the Shining One
 49989 | Crypt:1  | Identified a +4 eudemon blade of holy wrath (a +2 demon
                  | blade blessed by the Shining One)
 49989 | Crypt:1  | Received a gift from the Shining One
 50280 | Vaults:4 | Identified the +1 robe of Quantum Leap {+Blink rN+ MP+9
                  | Int-2}
 50582 | Vaults:4 | Noticed a golden dragon
 50608 | Vaults:4 | Killed a golden dragon
 50936 | Vaults:4 | Found a runed translucent gate.
 50936 | Vaults:4 | Found a runed translucent gate.
 50936 | Vaults:4 | Found a runed translucent gate.
 50937 | Vaults:4 | Noticed curvature's ghost (adept TrFi)
 50952 | Vaults:4 | Killed curvature's ghost
 51325 | Vaults:4 | Found Ibyorgh's Jewellery Emporium.
 51656 | Vaults:4 | Reached XP level 23. HP: 172/172 MP: 0/0
 51656 | Vaults:4 | Learned a level 7 spell: Summon Hydra
 51842 | D:14     | Killed Diff's ghost
 51846 | D:14     | Identified the amulet of Akoafe {Faith Harm rF- Dex+5}
 52063 | D:14     | Identified the ring of Renoa {rF+ rC- rN+++ Int-5 SInv}
 52226 | D:7      | Killed busb's ghost
 52404 | Lair:2   | Killed Tiusch's ghost
 52640 | Elf:1    | Entered Level 1 of the Elven Halls
 52673 | Elf:1    | Reached skill level 5 in Evocations
 53038 | Elf:1    | Found Opawesef's Antique Armour Boutique.
 53049 | Elf:1    | Bought the -2 hat of the Alchemist {rElec rPois rF+ rC+ rN+
                  | Will+ rMut rCorr} for 1463 gold pieces
 53049 | Elf:1    | Found the -2 hat of the Alchemist {rElec rPois rF+ rC+ rN+
                  | Will+ rMut rCorr}
 53522 | Elf:1    | Found Comosopp's Jewellery Boutique.
 53522 | Elf:1    | Found Gytyommi's Book Emporium.
 53523 | Elf:1    | Found Ybipt's Book Emporium.
 53602 | Elf:1    | You are sucked into a shaft and drop 1 floor!
 53602 | Elf:2    | Found a runed translucent gate.
 53602 | Elf:2    | Found a runed translucent gate.
 53602 | Elf:2    | Found a runed translucent gate.
 53864 | Elf:2    | Found Ufid's Book Emporium.
 53864 | Elf:2    | Noticed Agnes
 53870 | Elf:2    | Killed Agnes
 54356 | Elf:2    | Identified a scroll of acquirement
 54901 | Elf:2    | Identified the +3 hand axe "Wifec" {speed, Will- Str+3
                  | Dex+2}
 54987 | Elf:2    | Acquired a manual of Throwing
 55233 | Elf:3    | Entered Level 3 of the Elven Halls
 55331 | Elf:3    | Paralysed by an air elemental for 1 turns
 55506 | Elf:3    | Found Puaca's Magic Scroll Emporium.
 55509 | Elf:3    | Bought a scroll of poison for 72 gold pieces
 55509 | Elf:3    | Bought a scroll of enchant weapon for 135 gold pieces
 55509 | Elf:3    | Bought a scroll of poison for 72 gold pieces
 55639 | Elf:3    | Noticed Bai Suzhen
 55651 | Elf:3    | Killed Bai Suzhen
 55652 | Elf:3    | Reached XP level 24. HP: 158/179 MP: 0/0
 55711 | Elf:3    | Identified the +4 plate armour "Ilautsot" {Fly rElec Int-4
                  | Stlth+}
 56095 | Elf:3    | Found the ring of Shadows {Umbra +Inv Stlth+}
 56095 | Elf:3    | Identified the amulet "Laxzaocs" {Reflect *Slow rPois
                  | Slay+2 SH+5}
 56097 | Elf:3    | Identified the ring of Luask {Wiz *Slow rElec Will+}
 56121 | Elf:3    | Found the ring of the Mage {Wiz Archmagi}
 56121 | Elf:3    | Found the +10 tower shield of Ignorance {rN+ Int-4}
 56155 | Elf:3    | Identified the ring of the Secret Invaders {rF+ rCorr}
 56171 | Elf:3    | Identified the ring of the Ferocious God {Wiz rF- rN++
                  | Str+3}
 56208 | Elf:3    | Identified the +9 sling "Bocaw" {heavy, Dex+4}
 56246 | Elf:3    | Identified the staff of cold "Rygyi" {rC+ Str-3 Int+3
                  | Dex+2}
 56564 | Depths:1 | Entered Level 1 of the Depths
 56568 | Depths:1 | Found a one-way gate to the infinite horrors of the Abyss.
 56888 | Depths:1 | Found a one-way gate leading to the halls of Pandemonium.
 57233 | Depths:1 | Found a sacrificial altar of Ru.
 57609 | Depths:1 | Found a gateway to Hell.
 57866 | Depths:2 | Noticed a golden dragon
 57882 | Depths:1 | Killed a golden dragon
 58142 | Depths:2 | Identified the +1 war axe of Ynwowaats {vamp, rN+ Str+3
                  | Stlth+}
 58491 | Depths:2 | Found a runed translucent door.
 58491 | Depths:2 | Found a shimmering altar of Xom.
 58491 | Depths:2 | Noticed Qugrax's ghost (veteran KoMo)
 58610 | Depths:2 | Killed Qugrax's ghost
 58974 | Depths:2 | Gained mutation: You sometimes lose your temper in combat.
                  | [a cacodemon]
 58978 | Depths:2 | Lost mutation: You sometimes lose your temper in combat.
                  | [potion of mutation]
 58978 | Depths:2 | Gained mutation: You have a pair of small antennae on your
                  | head. [potion of mutation]
 59142 | Depths:2 | Found a burning altar of Makhleb.
 59344 | Depths:3 | Noticed a golden dragon
 59355 | Depths:3 | Killed a golden dragon
 59356 | Depths:3 | Reached skill level 10 in Throwing
 59468 | Depths:3 | Found Nerhukea's Book Emporium.
 59527 | Depths:2 | Reached XP level 25. HP: 90/189 MP: 0/0
 59527 | Depths:2 | Learned a level 8 spell: Discord
 59896 | Orc:2    | Bought the ring of the Tortoise {AC+8} for 1664 gold pieces
 59896 | Orc:2    | Found the ring of the Tortoise {AC+8}
 61169 | Depths:4 | Entered Level 4 of the Depths
 61169 | Depths:4 | Noticed a dread lich
 61169 | Depths:4 | Found a one-way gateway to a ziggurat.
 61739 | Depths:4 | Found a gate to the Realm of Zot.
 63336 | Vaults:5 | Entered Level 5 of the Vaults
 63867 | Vaults:5 | Identified the +0 chain mail of Patterns {rPois rF+ Will+
                  | Str-2}
 63874 | Vaults:5 | Identified the +3 shortbow of the Shore {antimagic, rPois
                  | rF+ Str+3 Dex-3}
 64042 | Vaults:5 | Reached XP level 26. HP: 200/200 MP: 0/0
 64045 | Vaults:5 | Reached skill level 15 in Armour
 64091 | Vaults:5 | Acquired 407 gold pieces
 64455 | Vaults:5 | Found the +0 mask of the Dragon {Will+ Slay+3 SInv}
 64463 | Vaults:5 | Identified the staff of conjuration "Liym" {+Blink Fly rC+
                  | Stlth+}
 64651 | Vaults:5 | Identified the ring "Anaonorgh" {rElec rF+ rN+ Str+3 Int+3}
 64736 | Vaults:5 | Identified the +3 long sword of Impermanence {venom, rC++}
 64744 | Vaults:5 | Identified the +7 glaive "Yfem" {antimagic, rElec Will++
                  | Str-5 Stlth+}
 65071 | Vaults:5 | Identified the ring "Miuth" {rC+ Int-5 Dex+3 SInv}
 65361 | Vaults:5 | Got a silver rune of Zot
 66311 | Vaults:5 | Identified the +1 leather armour "Ytzirphet" {rPois rN+
                  | Str+3 Dex-2}
 66832 | Crypt:1  | Paralysed by a vampire knight for 5 turns
 67195 | Crypt:2  | Reached skill level 1 in Spellcasting
 67195 | Crypt:2  | Reached skill level 1 in Conjurations
 67195 | Crypt:2  | Reached skill level 1 in Hexes
 67195 | Crypt:2  | Reached skill level 1 in Summonings
 67195 | Crypt:2  | Reached skill level 1 in Necromancy
 67195 | Crypt:2  | Reached skill level 1 in Translocations
 67195 | Crypt:2  | Reached skill level 1 in Transmutations
 67195 | Crypt:2  | Reached skill level 1 in Fire Magic
 67195 | Crypt:2  | Reached skill level 1 in Ice Magic
 67195 | Crypt:2  | Reached skill level 1 in Air Magic
 67195 | Crypt:2  | Reached skill level 1 in Earth Magic
 67195 | Crypt:2  | Reached skill level 1 in Poison Magic
 67490 | Crypt:2  | Reached XP level 27. HP: 205/205 MP: 0/0
 67490 | Crypt:2  | Learned a level 9 spell: Shatter
 67950 | Crypt:3  | Entered Level 3 of the Crypt
 68186 | Crypt:3  | Identified the ring "Giqytsiu" {Dex+3 Slay+3 SInv}
 68465 | Crypt:3  | Found a staircase to the Tomb.
 68879 | Crypt:3  | Identified the +2 morningstar of Blind Justice {elec,
                  | rElec}
 69635 | Zot:1    | Entered Level 1 of the Realm of Zot
 71511 | Zot:1    | Found a transporter.
 71894 | Zot:1    | Found a transporter.
 72455 | Zot:2    | Noticed an orb of fire
 72541 | Zot:2    | Identified the +5 dagger of the Present {flame, Str+2
                  | Int+2}
 72658 | Zot:2    | Acquired the amulet of the Vendetta {Regen+ MP+9 Dex+3}
 72812 | Zot:2    | Found the +3 crown of Dyrovepreva {rElec Int+2 SInv}
 73367 | Zot:2    | Killed an orb of fire
 75270 | Zot:5    | Entered Level 5 of the Realm of Zot
 75366 | Zot:5    | Noticed a Killer Klown
 75442 | Zot:5    | Killed a Killer Klown
 75666 | Zot:5    | Noticed an ancient lich
 75673 | Zot:5    | Killed an ancient lich
 75708 | Zot:5    | Noticed a Killer Klown
 75712 | Zot:5    | Noticed an orb of fire
 75714 | Zot:5    | Noticed an orb of fire
 75723 | Zot:5    | Noticed an orb of fire
 75845 | Zot:5    | Killed an orb of fire
 75889 | Zot:5    | Killed an orb of fire
 75891 | Zot:5    | Noticed an orb of fire
 75902 | Zot:5    | Killed an orb of fire
 75954 | Zot:5    | Killed a Killer Klown
 75980 | Zot:5    | Killed an orb of fire
 76021 | Zot:5    | Noticed an orb of fire
 76039 | Zot:5    | Killed an orb of fire
 76172 | Zot:5    | Noticed a Killer Klown
 76193 | Zot:5    | Killed a Killer Klown
 76218 | Zot:5    | Noticed a Killer Klown
 76219 | Zot:5    | Noticed an orb of fire
 76238 | Zot:5    | Killed an orb of fire
 76271 | Zot:5    | Killed a Killer Klown
 76360 | Zot:5    | Noticed a dread lich
 76369 | Zot:5    | Killed a dread lich
 76914 | D:8      | Bought a scroll of magic mapping for 105 gold pieces
 76914 | D:8      | Bought a scroll of teleportation for 42 gold pieces
 77053 | Orc:2    | Bought a wand of quicksilver (3) for 226 gold pieces
 77053 | Orc:2    | Bought a scroll of fog for 72 gold pieces
 77053 | Orc:2    | Bought a potion of haste for 180 gold pieces
 77053 | Orc:2    | Bought a scroll of teleportation for 54 gold pieces
 77053 | Orc:2    | Bought a scroll of immolation for 72 gold pieces
 77241 | Pan      | Entered Pandemonium
 77535 | Pan      | Noticed a seraph
 77568 | Pan      | Found a glowing silver altar of Zin.
 78046 | Pan      | Found a transporter.
 78067 | Pan      | Found a transporter.
 78143 | Pan      | Gained mutation: You occasionally lose the ability to drink
                  | potions when taking damage. [a neqoxec]
 78956 | Pan      | Identified the +1 cloak "Saugrogo" {rElec}
 78981 | Pan      | Identified the amulet "Gyrhaipp" {RegenMP rN++ rCorr Str-5
                  | Dex+3}
 79220 | Pan      | Found an exit through the horrors of the Abyss.
 79468 | Pan      | Entered the realm of Lom Lobon.
 79947 | Pan      | Noticed Lom Lobon
 79980 | Pan      | Killed Lom Lobon
 80080 | Pan      | Got a magical rune of Zot
 80196 | Pan      | Found an exit through the horrors of the Abyss.
 80680 | Pan      | Entered the realm of Mnoleg.
 80717 | Pan      | Noticed Mnoleg
 80729 | Pan      | Killed Mnoleg
 80733 | Pan      | Gained mutation: You are frail. (-10% HP) [a cacodemon]
 80768 | Pan      | Lost intelligence.
 80779 | Pan      | Gained mutation: You are dopey. (Int -2) [a neqoxec]
 80802 | Pan      | Lost mutation: You occasionally lose the ability to drink
                  | potions when taking damage. [potion of mutation]
 80802 | Pan      | Lost mutation: You are frail. (-10% HP) [potion of
                  | mutation]
 80802 | Pan      | Gained mutation: You have a somewhat thin skeletal
                  | structure. (Dex +2, Stealth+) [potion of mutation]
 80802 | Pan      | Gained mutation: You possess an exceptional clarity of
                  | mind. [potion of mutation]
 80808 | Pan      | Got a glowing rune of Zot
 81025 | Pan      | Found an exit through the horrors of the Abyss.
 81034 | Pan      | Took an exit into the Abyss.
 81034 | Abyss:1  | Escaped into the Abyss
 81420 | Abyss:3  | Found a corrupted altar of Lugonu.
 81478 | Depths:1 | Escaped the Abyss
 81776 | Pan      | Entered Pandemonium
 81817 | Pan      | Gained mutation: Your body sometimes deteriorates upon
                  | taking damage. [a neqoxec]
 82173 | Pan      | Identified the +1 leather armour of Dasodd {rElec rN+
                  | Dex-3}
 82199 | Pan      | Noticed Onkafez the pandemonium lord
 82524 | Pan      | Entered the realm of Gloorx Vloq.
 82529 | Pan      | Found an exit through the horrors of the Abyss.
 82684 | Pan      | Noticed Gloorx Vloq
 82835 | Pan      | Identified the +0 tower shield of the Everdark {Int+5}
 82840 | Pan      | Killed Gloorx Vloq
 82902 | Pan      | Got a dark rune of Zot
 83374 | Pan      | Noticed Puucet the pandemonium lord
 83393 | Pan      | Killed Puucet the pandemonium lord
 83581 | Pan      | Entered the realm of Cerebov.
 83672 | Pan      | Identified the +11 quick blade of Qifoheg {freeze, Dex+3}
 83673 | Pan      | Identified the +5 sling of the Filigreed God {antimagic,
                  | Will+ SInv}
 83823 | Pan      | Identified the +2 broad axe of Ypudd {speed, *Slow rElec
                  | rC+ Int+2}
 83908 | Pan      | Identified the +5 sling "Cearhymu" {drain, Str+2}
 83954 | Pan      | Identified the +7 great sword "Beastslayer" {heavy, rPois}
 83974 | Pan      | Found the +6 sword of Cerebov {flame}
 83974 | Pan      | Noticed Cerebov
 83991 | Pan      | Killed Cerebov
 84050 | Pan      | Got a fiery rune of Zot
 84216 | Pan      | Found an exit through the horrors of the Abyss.
 84280 | Pan      | Noticed Bunadgh the pandemonium lord
 84296 | Pan      | Killed Bunadgh the pandemonium lord
 84310 | Pan      | Gained mutation: Armour fits poorly on your strangely
                  | shaped body. [a cacodemon]
 84318 | Pan      | Gained mutation: You occasionally lose the ability to read
                  | scrolls when taking damage. [a cacodemon]
 84385 | Pan      | Lost mutation: Armour fits poorly on your strangely shaped
                  | body. [potion of mutation]
 84385 | Pan      | Lost mutation: You are dopey. (Int -2) [potion of mutation]
 84456 | Pan      | Noticed Xagredd the pandemonium lord
 84465 | Pan      | Killed Xagredd the pandemonium lord
 84580 | Pan      | Found an exit through the horrors of the Abyss.
 84823 | Pan      | Noticed Loik the pandemonium lord
 85180 | Pan      | Noticed Kuit the pandemonium lord
 85195 | Pan      | Killed Kuit the pandemonium lord
 85260 | Pan      | Identified the staff of earth "Kocserhu" {Int+4}
 85264 | Pan      | Got a demonic rune of Zot
 85776 | Pan      | Found an exit through the horrors of the Abyss.
 85987 | Pan      | Took an exit into the Abyss.
 85987 | Abyss:3  | Escaped into the Abyss
 86197 | Abyss:3  | Got an abyssal rune of Zot
 86201 | Abyss:3  | Paralysed by accursed screaming for 1 turns
 86263 | Abyss:3  | Found a corrupted altar of Lugonu.
 86364 | Abyss:3  | Paralysed by accursed screaming for 1 turns
 86425 | Depths:1 | Escaped the Abyss
 86488 | Hell     | Entered the Vestibule of Hell
 86488 | Hell     | Noticed Geryon
 86516 | Hell     | Killed Geryon
 86654 | Hell     | Found a gateway to the freezing wastes of Cocytus.
 86739 | Hell     | Found a gateway to the decaying netherworld of Tartarus.
 86770 | Hell     | Found a gateway to the ashen valley of Gehenna.
 86868 | Hell     | Found a gateway to the Iron City of Dis.
 86970 | Geh:1    | Entered Level 1 of Gehenna
 87137 | Geh:4    | Noticed an ancient lich
 87141 | Geh:4    | Killed an ancient lich
 87410 | Geh:6    | HP: 7/220 [balrug/divine providence (12)]
 87415 | Geh:6    | HP: 9/220 [balrug/divine providence (13)]
 87421 | Geh:6    | Noticed a dread lich
 87590 | Hell     | Lost mutation: You possess an exceptional clarity of mind.
                  | [potion of mutation]
 87590 | Hell     | Lost mutation: You have a pair of small antennae on your
                  | head. [potion of mutation]
 87590 | Hell     | Gained mutation: You have a pair of small antennae on your
                  | head. [potion of mutation]
 87591 | Hell     | Lost mutation: You have a somewhat thin skeletal structure.
                  | (Dex +2, Stealth+) [potion of mutation]
 87591 | Hell     | Lost mutation: You occasionally lose the ability to read
                  | scrolls when taking damage. [potion of mutation]
 87591 | Hell     | Lost mutation: Your body sometimes deteriorates upon taking
                  | damage. [potion of mutation]
 87591 | Hell     | Gained mutation: You have supernaturally acute eyesight.
                  | (SInv) [potion of mutation]
 87591 | Hell     | Gained mutation: Your muscles are strong. (Str +4, Int/Dex
                  | -1) [potion of mutation]
 87623 | Tar:1    | Entered Level 1 of Tartarus
 87696 | Tar:3    | You are sucked into a shaft and drop 3 floors!
 87848 | Tar:7    | Entered Level 7 of Tartarus
 87850 | Tar:7    | Noticed a dread lich
 87859 | Tar:7    | Killed a dread lich
 88116 | Tar:7    | Noticed a dread lich
 88124 | Tar:7    | Killed a dread lich
 88177 | Tar:7    | Identified the ring of Dalum {rF- Str+9 Int+3 Dex+6 Stlth+}
 88322 | Tar:7    | Noticed a dread lich
 88332 | Tar:7    | Killed a dread lich
 88397 | Tar:7    | Noticed Ereshkigal
 88407 | Tar:7    | Killed Ereshkigal
 88410 | Tar:7    | Reached skill level 5 in Dodging
 88524 | Tar:7    | Got a bone rune of Zot
 89080 | Tomb:1   | Entered Level 1 of the Tomb of the Ancients
 89342 | Tomb:1   | Noticed a royal mummy
 89348 | Tomb:1   | Killed a royal mummy
 89348 | Tomb:1   | Noticed a royal mummy
 89353 | Tomb:1   | Noticed a royal mummy
 89358 | Tomb:1   | Killed a royal mummy
 89358 | Tomb:1   | Killed a royal mummy
 89757 | Tomb:2   | Noticed a royal mummy
 89757 | Tomb:2   | Noticed a royal mummy
 89759 | Tomb:2   | Noticed a royal mummy
 89760 | Tomb:2   | Noticed a royal mummy
 89763 | Tomb:2   | Killed a royal mummy
 89764 | Tomb:2   | Killed a royal mummy
 89764 | Tomb:2   | Killed a royal mummy
 89764 | Tomb:2   | Killed a royal mummy
 90396 | Tomb:3   | Entered Level 3 of the Tomb of the Ancients
 90410 | Tomb:3   | Reached skill level 10 in Dodging
 90412 | Tomb:3   | Noticed a royal mummy
 90415 | Tomb:3   | Killed a royal mummy
 90416 | Tomb:3   | Noticed a royal mummy
 90416 | Tomb:3   | Noticed a royal mummy
 90419 | Tomb:3   | Killed a royal mummy
 90423 | Tomb:3   | Killed a royal mummy
 90424 | Tomb:3   | Noticed a royal mummy
 90428 | Tomb:3   | Killed a royal mummy
 90430 | Tomb:3   | Noticed a royal mummy
 90431 | Tomb:3   | Noticed a royal mummy
 90434 | Tomb:3   | Killed a royal mummy
 90438 | Tomb:3   | Killed a royal mummy
 90575 | Tomb:3   | Identified the +3 orcbow of Disintegration {heavy, rCorr
                  | Int+5}
 90622 | Tomb:3   | Noticed a royal mummy
 90706 | Tomb:3   | Found the +5 robe of Night {Dark Will+ SInv}
 90798 | Tomb:3   | Identified the staff of air "Dirimm" {*Slow rElec rPois
                  | rC+++ Str-2}
 90802 | Tomb:3   | Identified the +0 plate armour of Action {Harm Dex+5}
 90805 | Tomb:3   | Identified the +0 ring mail of Immorality {Rampage Str-4
                  | Int+6 Stlth+}
 90806 | Tomb:3   | Identified the +5 plate armour of Urad {Harm rCorr Dex-5}
 90821 | Tomb:3   | Identified the staff of poison "Ivist" {rPois Dex+3}
 90880 | Tomb:3   | Got a golden rune of Zot
 90924 | Tomb:3   | Noticed a royal mummy
 90929 | Tomb:3   | Killed a royal mummy
 90945 | Tomb:3   | Killed a royal mummy
 91756 | Geh:2    | Noticed a dread lich
 91762 | Geh:2    | Killed a dread lich
 91775 | Geh:2    | Reached skill level 15 in Dodging
 92539 | Geh:6    | Killed a dread lich
 92902 | Geh:7    | Entered Level 7 of Gehenna
 93702 | Geh:7    | Found the +13 sceptre of Asmodeus
 93702 | Geh:7    | Noticed Asmodeus
 93711 | Geh:7    | Killed Asmodeus
 93719 | Geh:7    | Got an obsidian rune of Zot
 93722 | Geh:7    | Identified the staff of fire "Eceorykk" {rF+ Int+2}
 93880 | Dis:1    | Entered Level 1 of the Iron City of Dis
 94848 | Dis:4    | You are sucked into a shaft and drop 2 floors!
 94882 | Dis:7    | Entered Level 7 of the Iron City of Dis
 95675 | Dis:7    | Noticed a juggernaut
 95697 | Dis:7    | Killed a juggernaut
 95859 | Dis:7    | Noticed Dispater
 95860 | Dis:7    | Noticed a juggernaut
 95873 | Dis:7    | Killed a juggernaut
 95890 | Dis:7    | Killed Dispater
 96009 | Dis:7    | Got an iron rune of Zot
 96209 | Coc:1    | Entered Level 1 of Cocytus
 96318 | Coc:3    | Noticed a shard shrike
 96318 | Coc:3    | Noticed a shard shrike
 96318 | Coc:3    | Noticed a shard shrike
 96318 | Coc:3    | Noticed a shard shrike
 96337 | Coc:3    | Killed a shard shrike
 96340 | Coc:3    | Killed a shard shrike
 96344 | Coc:3    | Killed a shard shrike
 96349 | Coc:3    | Killed a shard shrike
 96451 | Coc:3    | Paralysed by a wendigo for 1 turns
 96531 | Coc:4    | You are sucked into a shaft and drop 1 floor!
 96541 | Coc:6    | Noticed a shard shrike
 96541 | Coc:6    | Noticed a shard shrike
 96558 | Coc:6    | Killed a shard shrike
 96565 | Coc:6    | Killed a shard shrike
 96727 | Coc:7    | Entered Level 7 of Cocytus
 96805 | Coc:7    | Noticed a shard shrike
 96824 | Coc:7    | Killed a shard shrike
 96848 | Coc:7    | Noticed a shard shrike
 96849 | Coc:7    | Noticed a shard shrike
 96849 | Coc:7    | Noticed a shard shrike
 96850 | Coc:7    | Killed a shard shrike
 96854 | Coc:7    | Killed a shard shrike
 96963 | Coc:7    | Noticed a shard shrike
 96984 | Coc:7    | Killed a shard shrike
 97137 | Coc:7    | Noticed a shard shrike
 97150 | Coc:7    | Killed a shard shrike
 97155 | Coc:7    | Killed a shard shrike
 97225 | Coc:7    | Noticed the Serpent of Hell
 97238 | Coc:7    | Killed the Serpent of Hell
 97254 | Coc:7    | Noticed a shard shrike
 97259 | Coc:7    | Killed a shard shrike
 97306 | Coc:7    | Paralysed by a wendigo for 1 turns
 97315 | Coc:7    | Noticed a shard shrike
 97319 | Coc:7    | Killed a shard shrike
 97333 | Coc:7    | Noticed a shard shrike
 97342 | Coc:7    | Killed a shard shrike
 97343 | Coc:7    | Noticed a shard shrike
 97353 | Coc:7    | Killed a shard shrike
 97797 | Coc:7    | Noticed Antaeus
 97818 | Coc:7    | Killed Antaeus
 97902 | Coc:7    | Got an icy rune of Zot
 97933 | Coc:7    | Identified the ring "Jiomink" {Str+3 Int+6 Stlth+}
 98441 | Slime:1  | Entered Level 1 of the Pits of Slime
 98547 | Slime:2  | Noticed Dissolution
 98557 | Slime:2  | Killed Dissolution
 98710 | Slime:5  | Entered Level 5 of the Pits of Slime
 98760 | Slime:5  | Noticed the Royal Jelly
 98806 | Slime:5  | Killed the Royal Jelly
 99042 | Slime:5  | Found the +3 warlock's mirror {omnireflect}
 99049 | Slime:5  | Identified the +1 longbow of Eternal Night {drain, rPois}
 99071 | Slime:5  | Identified the +0 plate armour "Wizoih" {Int+2}
 99080 | Slime:5  | Identified the +4 battleaxe "Giantbane" {protect, rElec
                  | Will- Str+7 Int-4}
 99099 | Slime:5  | Got a slimy rune of Zot
 99734 | Zot:5    | Got the Orb of Zot
100249 | D:7      | Gained mutation: Your spells are a little easier to cast,
                  | but a little less powerful. [a cacodemon]
100371 | D:$      | Escaped with the Orb!

Illustrated notes

Levels and vault maps discovered:
D:1:      dpeg_arrival_short_road, layout_basic, serial_rivers,
          chequers_serial_rivers_micro_e, chequers_serial_rivers_large_b,
          chequers_serial_rivers_room_b, chequers_serial_rivers_micro_e,
          chequers_serial_rivers_marsh, chequers_serial_rivers_room_b,
          chequers_garden
D:2:      layout_loops_ring, minivault_25, corexii_corridor_pit
D:3:      layout_loops_ring, kennysheep_generic_room_6
D:4:      layout_basic, lemuel_round_altar, kennysheep_generic_room_13
D:5:      layout_gridville, nicolae_overflow_crystal_walls, lemuel_doored_altar,
          gammafunk_temple_overflow_pools, serial_shops, shop,
          nicolae_shop_stone, shop, nicolae_shop_gaudy_bauble, shop,
          minmay_starry_boxes
D:6:      layout_basic, nicolae_uskayaw_murder_on_the_dancefloor, serial_shops,
          shop, uniq_edmund
D:7:      layout_basic, nemelex_spade_bored_becter,
          minmay_temple_entry_mini_moons, ebering_ghost_gozag,
          minmay_quadrilaterals
D:8:      layout_loops_ring, nzn_hepliaklqana_mist_gate, david_lair_shrubbed,
          serial_shops, shop_fountains
D:9:      layout_basic, grunt_dithmenos_shadows, uniq_grum
D:10:     layout_basic, mainiacjoe_overflow_cross_hatched,
          nicolae_trove_entry_crossroad, chequers_serial_rivers_small_b,
          grunt_ministairs_3, nicolae_two_hexagons
D:11:     layout_long_grid, david_orc_1_choice, uniq_fannar, uniq_amaemon
D:12:     layout_loops_ring, uniq_snorg
D:13:     layout_loops_ring, david_vaults_2, grunt_decor_fettered,
          minmay_fractal_squares_diagonal_5, uniq_josephine
D:14:     layout_irregular_city, gammafunk_ghost_berserking_beasts,
          minmay_misc_feat_cross
D:15:     grunt_enter_depths_giant_problem, layout_irregular_city,
          corexii_hall_statues_i
Temple:   nicolae_temple_no_exploring_needed
Lair:1:   layout_long_grid, hangedman_lair_generics_rect, lemuel_fruit_fields,
          grunt_megastairs_4, lemuel_fruit_tree, serial_bayou_shore_a,
          uniq_gastronok
Lair:2:   wander_river, layout_regular_city, minmay_swamp_entry_swarm,
          spider_nest_entry_a, gammafunk_ghost_wrathful_warriors,
          infiniplex_staircase_pool_2
Lair:3:   layout_gridlike
Lair:4:   layout_roguey, minmay_lair_oklob_bushes, grunt_megastairs_3
Lair:5:   minmay_lair_end_frog_pond, layout_loops_ring, dpeg_slime_entry_corner,
          minmay_lair_drake_nest
Swamp:1:  layout_basic_swamp, evilmike_swamp_ruin_house_1,
          infiniplex_staircase_pool, uniq_louise
Swamp:2:  layout_basic_swamp, evilmike_swamp_ruin_house_4, swamp_pool2
Swamp:3:  nicolae_swamp_flooded_prison, layout_basic_swamp,
          nicolae_swamp_small_spring, swamp_pool1,
          nicolae_swamp_nymph_family_reunion
Swamp:4:  swamp, layout_basic_swamp, portal_ice_cave_entry_frozen_things,
          swamp_pool2
Spider:1: layout_spider_delve
Spider:2: layout_spider_delve
Spider:3: layout_spider_delve, uniq_azrael
Spider:4: johnstein_spider_rune_arachne_lair, guppyfry_spider_mini_2
Slime:1:  layout_caves, basic_altar
Slime:2:  layout_caves, dissolution_awaits
Slime:3:  layout_caves, nicolae_slime_ancient_tower_intersection
Slime:4:  layout_caves, basic_altar
Slime:5:  uniq_dissolution
Orc:1:    layout_diamond_mine, serial_shops, nicolae_book_shop_shelving
Orc:2:    grunt_orc_gardens, layout_caves, grunt_orc_garden, grunt_orc_garden,
          grunt_orc_garden, grunt_orc_garden, uniq_jorgrun
Elf:1:    minmay_elf_crystal_heptagon, layout_loops_ring, serial_shops, shop,
          minmay_elf_demonology, item_on_display_a, minmay_shop_grove
Elf:2:    nicolae_elf_blades_crystal_corner, layout_rooms, serial_shops, shop,
          minivault_16, uniq_agnes
Elf:3:    elf_hall_gauntlet_wide, layout_gridlike, serial_shops,
          nicolae_shop_rolled_up, uniq_bai_suzhen
Vaults:1: vaults_room_door_ring, v_pattern_4, nicolae_vaults_steering_wheel,
          v_misc_15, vaults_room_stairs_pillars, hangedman_vaults_corner,
          nicolae_vaults_security_offices_2,
          nicolae_vaults_trapezoid_lopsided_3, ontoclasm_vaults_eye,
          v_alt_pattern_3, nicolae_vaults_oval_intersection, v_misc_1,
          layout_vaults_ring, uniq_zenata
Vaults:2: ontoclasm_vaults_loading_screen, nicolae_vaults_double_plus_1,
          nicolae_vaults_murderbox, vaults_standard_mumra_lines,
          vaults_dpeg_cross, nicolae_vaults_wine_cellar,
          dpeg_vaults_monster_box, nicolae_vaults_surprise_closet, v_rooms_1,
          ontoclasm_vaults_chip, v_misc_24, nicolae_vaults_little_squares_4,
          nicolae_vaults_house_3, ontoclasm_vaults_gateway,
          nicolae_vaults_trapezoid_lopsided_1, vaults_room_semicircle,
          layout_vaults_omnicross, uniq_asterion, uniq_mennas, uniq_nikola,
          uniq_margery
Vaults:3: nicolae_vaults_ellipses_ellipsis, nicolae_vaults_stairing_the_circle,
          nicolae_vaults_network_quincunx
          [nicolae_vaults_network_quincunx_subvault,
          nicolae_vaults_network_quincunx_subvault,
          nicolae_vaults_network_quincunx_subvault,
          nicolae_vaults_network_quincunx_subvault,
          nicolae_vaults_network_quincunx_subvault],
          nicolae_vaults_halls_meeting, minmay_crypt_entry_simple_sparse,
          grunt_vaults_twisty, nicolae_vaults_shelves_hall, v_misc_24,
          nicolae_vaults_asterisk, nicolae_vaults_storage_closets_1,
          nicolae_vaults_gold_heap, nicolae_vaults_little_squares_4,
          layout_vaults_omnibox
Vaults:4: gammafunk_ghost_spectres, hangedman_vaults_impose,
          nicolae_vaults_twisting_passages, vaults_room_stairs_pillars,
          v_misc_5, hangedman_vaults_corner_blocks, serial_ice_b,
          vaults_room_glass_cross, v_alt_pattern_4, v_misc_22,
          vaults_dpeg_encased_lava, nicolae_vaults_tetromino_L_2,
          vaults_dpeg_diagonal, nicolae_vaults_tetromino_Z_1,
          nicolae_vaults_frosty_reception, layout_vaults_maze_snakey,
          serial_shops, nicolae_shop_window_shopping
Vaults:5
Crypt:1:  layout_chaotic_city, basic_altar
Crypt:2:  layout_regular_city, uniq_josephina
Crypt:3:  quadcrypt_mu
Tomb:1
Tomb:2
Tomb:3
Depths:1: layout_cave_shapes, grunt_hell_entry_dis_old, rand_demon_pan_entry_8,
          abyss_entry, kiku_gazebo_garden_becter, hangedman_decor_push,
          nicolae_ru_path_of_blood
Depths:2: minmay_bad_star, layout_honeycomb, hell_entry, ebering_ghost_xom,
          lemuel_statue_altar, rand_demon_pan_entry_5
Depths:3: minmay_cut_squares, layout_basic, hell_entry,
          corexii_hall_statues_deadend, serial_shops,
          nicolae_shop_advertising_works [nicolae_subvault_shop_adworks],
          grunt_pan_entry_sceptre, abyss_entry_small_statue_room,
          evilmike_butchery
Depths:4: grunt_zot_entry_funnels, layout_cave_shapes, enter_ziggurat_c,
          minmay_misc_feat_nine_boxes, grunt_mini_vestibule
Hell
Dis:1:    layout_subdivisions, nicolae_hells_hurtin_island
Dis:2:    layout_jigsaw
Dis:3:    layout_subdivisions
Dis:4:    layout_gridville
Dis:6:    layout_subdivisions
Dis:7:    dis_hangedman
Geh:1:    layout_gehenna_pools_triple, nicolae_geh_rippling_lava
Geh:2:    layout_gehenna_lava_caves
Geh:3:    layout_gehenna_lava_caves, gehenna_fire_generator
Geh:4:    layout_gehenna_pools_box
Geh:5:    layout_gehenna_lava_caves
Geh:6:    nicolae_geh_realm_of_the_lava_sea
Geh:7:    geh_grunt_pentagon
Coc:1:    layout_cocytus_water_paths
Coc:2:    layout_ice_bergs
Coc:3:    layout_ice_bergs
Coc:4:    layout_ice_bergs
Coc:5:    layout_cocytus_water_paths
Coc:6:    layout_cocytus_water_paths
Coc:7:    coc_old
Tar:1:    layout_catacombs
Tar:2:    layout_grid_maze
Tar:3:    layout_catacombs, nicolae_tar_cuneiform_city
Tar:6:    layout_cathedral_of_symmetry
Tar:7:    tar_old
Zot:1:    grunt_twist_and_shout, layout_cathedral_of_symmetry,
          nicolae_diode_stairs
Zot:2:    dreamdust_black_sun_cult, layout_onion_interference
Zot:3:    layout_basic, st_stairs_5, grunt_megastairs_5
Zot:4:    layout_gridville, st_stairs_9
Zot:5:    layout_misc_corridors

Skill      XL: |  1  2  3  4  5  6  7  8  9 10 11 12 13 14 15 16 17 18 19 20 21 22 23 24 25 26 27 |
---------------+----------------------------------------------------------------------------------+-----
Long Blades    | 3 4 5 7 9 10 12 13 14 15 16 17 18 19 20 26 | 26.5
Throwing       | 2 3 4 5 10 12 | 12.5
Fighting       | 3 4 5 6 7 9 11 13 14 15 17 18 20 26 | 26.0
Armour         | 1 2 5 10 14 18 26 | 26.0
Evocations     | 2 4 6 |  6.0
Invocations    | 2 5 8 10 13 15 16 18 19 20 26 | 26.0
Shields        | 3 5 8 11 13 15 17 19 20 26 | 26.0
Spellcasting   | 1 4 |  4.0
Conjurations   | 1 4 |  4.0
Hexes          | 1 4 |  4.0
Summonings     | 1 4 |  4.0
Necromancy     | 1 4 |  4.0
Translocations | 1 4 |  4.0
Transmutations | 1 4 |  4.0
Fire Magic     | 1 4 |  4.0
Ice Magic      | 1 4 |  4.0
Air Magic      | 1 4 |  4.0
Earth Magic    | 1 4 |  4.0
Poison Magic   | 1 4 |  4.0
Dodging        | 24 | 24.3

Action                     |  1- 3 |  4- 6 |  7- 9 | 10-12 | 13-15 | 16-18 | 19-21 | 22-24 | 25-27 || total
---------------------------+-------+-------+-------+-------+-------+-------+-------+-------+-------++-------
  Melee: Long sword        |    86 |   155 |    26 |       |       |       |       |       |       ||   267
         Punch             |     1 |     1 |     2 |     8 |     8 |       |       |       |     5 ||    25
         Quarterstaff      |       |       |   119 |   303 |     9 |       |       |       |       ||   431
         Scimitar          |       |       |       |   237 |  1074 |  1082 |  1647 |   384 |       ||  4424
         Eudemon blade     |       |       |       |       |       |       |       |  1214 |  6491 ||  7705
  Throw: Dart              |     3 |       |     3 |     3 |     7 |     2 |       |       |       ||    18
         Boomerang         |       |       |     5 |     6 |    23 |    41 |       |       |    50 ||   125
 Invoke: Divine Shield     |       |       |     1 |     4 |    14 |    41 |    24 |    17 |    97 ||   198
         Summon Divine War |       |       |       |       |     1 |     1 |     6 |       |    52 ||    60
         Cleansing Flame   |       |       |       |       |       |    27 |    19 |    34 |   341 ||   421
         Brand Weapon With |       |       |       |       |       |       |       |     1 |       ||     1
Ability: Evoke Blink       |       |       |       |       |       |       |       |       |     4 ||     4
  Evoke: Wand              |       |       |       |     3 |    11 |     5 |     3 |     4 |    20 ||    46
         Phial of floods   |       |       |       |       |       |     1 |     1 |       |       ||     2
         Box of beasts     |       |       |       |       |       |       |     1 |       |     1 ||     2
         Phantom mirror    |       |       |       |       |       |       |       |       |     3 ||     3
         Tin of tremorston |       |       |       |       |       |       |       |       |     2 ||     2
         Lightning rod     |       |       |       |       |       |       |       |       |     1 ||     1
    Use: Scroll            |       |       |     9 |     7 |    12 |    14 |     4 |     7 |    47 ||   100
         Potion            |       |       |       |       |     1 |    13 |     4 |     1 |    44 ||    63
   Stab: Sleeping          |       |     1 |       |       |       |       |       |       |       ||     1
 Armour: Leather armour    |    25 |    66 |       |       |       |       |       |       |       ||    91
         Plate armour      |       |       |   133 |   527 |   675 |   739 |   511 |   282 |       ||  2867
         Gold dragon scale |       |       |       |       |       |       |       |       |  1806 ||  1806
         Skin              |       |       |       |       |       |       |       |       |   170 ||   170
  Dodge: Dodged            |    53 |    92 |    30 |   116 |   144 |    86 |    99 |    90 |   622 ||  1332
  Block: Other             |       |       |     2 |    13 |    15 |       |       |       |     3 ||    33
         Kite shield       |       |       |       |       |   397 |  1346 |    26 |       |       ||  1769
         Buckler           |       |       |       |       |    10 |       |       |       |       ||    10
         Tower shield      |       |       |       |       |     4 |       |  1664 |  1633 |  7483 || 10784
         Reflection        |       |       |       |       |       |       |    30 |       |    11 ||    41

Table legend: (Time is in decaauts)
 A = Elapsed time spent in this place.
 B = Non-inter-level travel time spent in this place.
 C = Inter-level travel time spent in this place.
 D = Time resting spent in this place.
 E = Time spent auto-exploring this place.
 F = Levels seen in this place.
 G = Mean time per level.
                   A        B        C        D        E       F      G
               +--------+--------+--------+--------+--------+-----+--------+
         Total |  97611 |  88116 |   9495 |  19806 |  41213 | 117 |  834.3 |
       Dungeon |  19383 |  15520 |   3863 |   2294 |   9504 |  15 | 1292.2 |
        Temple |      1 |      1 |      0 |      0 |      0 |   1 |    1.0 |
          Lair |   9473 |   8596 |    877 |   2898 |   3756 |   5 | 1894.6 |
         Swamp |   5526 |   5315 |    211 |   1610 |   2349 |   4 | 1381.5 |
   Spider Nest |   8097 |   7661 |    436 |   2905 |   2805 |   4 | 2024.2 |
    Slime Pits |    587 |    527 |     60 |     19 |     38 |   5 |  117.4 |
  Orcish Mines |   2078 |   1741 |    337 |    401 |    969 |   2 | 1039.0 |
   Elven Halls |   3637 |   3499 |    138 |    517 |   1993 |   3 | 1212.3 |
        Vaults |  12077 |  11231 |    846 |   2623 |   5401 |   5 | 2415.4 |
         Crypt |   3433 |   2876 |    557 |     49 |   2024 |   3 | 1144.3 |
          Tomb |   2034 |   1873 |    161 |    207 |    877 |   3 |  678.0 |
        Depths |   7170 |   6376 |    794 |   1930 |   3148 |   4 | 1792.5 |
          Hell |    768 |    555 |    213 |    151 |    220 |   1 |  768.0 |
           Dis |   1986 |   1891 |     95 |    781 |      0 |   6 |  331.0 |
       Gehenna |   2454 |   2327 |    127 |    286 |    930 |   7 |  350.6 |
       Cocytus |   1697 |   1535 |    162 |    412 |     83 |   7 |  242.4 |
      Tartarus |    930 |    884 |     46 |    118 |    334 |   5 |  186.0 |
           Zot |   6635 |   6069 |    566 |   1307 |   2769 |   5 | 1327.0 |
         Abyss |    797 |    797 |      0 |      0 |    325 |   4 |  199.2 |
   Pandemonium |   7638 |   7638 |      0 |    643 |   3443 |  27 |  282.9 |
      Ice Cave |   1201 |   1201 |      0 |    650 |    245 |   1 | 1201.0 |
               +--------+--------+--------+--------+--------+-----+--------+

Top non-repeatable levels by time:
Spider:3: 3222 daAuts
  Lair:2: 2980 daAuts
Vaults:5: 2848 daAuts
Vaults:3: 2755 daAuts
Vaults:1: 2733 daAuts
Depths:4: 2405 daAuts
Vaults:2: 2389 daAuts
 Swamp:3: 2321 daAuts
Spider:4: 2281 daAuts
   Zot:1: 2042 daAuts
  Lair:4: 1943 daAuts
    D:14: 1906 daAuts
    D:13: 1800 daAuts
Depths:2: 1745 daAuts
  Lair:5: 1734 daAuts
